 Dungeon Crawl Stone Soup version 0.22.0-16-gc6d26f6 (webtiles) character file.

24634 shmeve the Fighter (level 12, -4/169 HPs)
             Began as a Minotaur Berserker on Aug 17, 2018.
             Was the Champion of Trog.
             Slain by a death knight
             ... wielding a +1 battleaxe of venom
              (10 damage)
             ... on level 14 of the Dungeon on Aug 18, 2018.
             The game lasted 00:34:16 (14436 turns).

shmeve the Fighter (Minotaur Berserker)            Turns: 14436, Time: 00:34:17

Health: -4/169     AC: 20    Str: 38    XL:     12   Next: 82%
Magic:  11/11      EV: 11    Int:  6    God:    Trog [******]
Gold:   1083       SH: 14    Dex: 10    Spells: 11/11 levels left

rFire    . . .     SeeInvis +   Y - +10 hand axe of Uxtan {flame, Int+2}
rCold    . . .     Gourm    .   x - +0 shield
rNeg     . . .     Faith    +   D - +0 plate armour
rPois    .         Spirit   .   (helmet restricted)
rElec    .         Reflect  .   (no cloak)
rCorr    .         Harm     .   T - +2 pair of gloves
MR       .....                  I - +2 pair of boots
Stlth    ..........             o - amulet of faith
HPRegen  0.38/turn              a - ring of see invisible
MPRegen  0.12/turn              s - +6 ring of strength

@: berserking, lethally poisoned (-4 -> -14), slowed
A: retaliatory headbutt, horns 2, subdued magic 1
a: Berserk, Trog's Hand, Brothers in Arms, Renounce Religion


You were on level 14 of the Dungeon.
You worshipped Trog.
Trog was exalted by your worship.
You were hungry.

You visited 1 branch of the dungeon, and saw 14 of its levels.
You also visited: Ossuary and Bailey.

You collected 1083 gold pieces.

Inventory:

Hand Weapons
 O - a +1 antimagic broad axe
 Y - the +10 hand axe of Uxtan (weapon) {flame, Int+2}
   (You found it on level 13 of the Dungeon)

   It has been specially enchanted to burn those struck by it, causing extra
   injury to most foes and up to half again as much damage against particularly
   susceptible opponents.
   Big, fiery blades are also staple armaments of hydra-hunters.
   It affects your intelligence (+2).
Missiles
 f - 2 throwing nets
 W - 4 poisoned javelins
 Z - 24 tomahawks of returning (quivered)
Armour
 x - a +0 shield (worn)
 D - a +0 plate armour (worn)
 I - a +2 pair of boots (worn)
 T - a +2 pair of gloves (worn)
Jewellery
 a - a ring of see invisible (left hand)
 o - an amulet of faith (around neck)
 s - a +6 ring of strength (right hand)
 w - an uncursed ring of protection from cold
 C - an uncursed ring of resist corrosion
 K - an uncursed amulet of harm {unknown}
 U - an uncursed ring of ice
 V - an uncursed ring of magical power {unknown}
 X - a cursed amulet of inaccuracy {unknown}
Wands
 G - a wand of flame (15)
 M - a wand of digging (15)
 Q - a wand of disintegration (18)
Scrolls
 e - 5 scrolls of magic mapping {unknown}
 g - 5 scrolls of enchant armour {unknown}
 h - 2 scrolls of immolation {unknown}
 i - a scroll of blinking {unknown}
 k - 7 scrolls of teleportation {unknown}
 n - 2 scrolls of fog {unknown}
 q - 7 scrolls of remove curse {unknown}
 r - 12 scrolls of amnesia {unknown}
 t - 18 scrolls of identify {unknown}
 y - 4 scrolls of enchant weapon {unknown}
 E - a scroll of fear {unknown}
 P - a scroll of silence {unknown}
 R - a scroll of vulnerability {unknown}
 S - a scroll of random uselessness {unknown}
Potions
 b - a potion of degeneration {unknown}
 d - 2 potions of resistance {unknown}
 j - 4 potions of flight {unknown}
 l - 13 potions of curing
 m - 2 potions of brilliance {unknown}
 p - 2 potions of magic {unknown}
 u - 2 potions of agility {unknown}
 v - a potion of berserk rage {unknown}
 z - 5 potions of might
 A - a potion of haste {unknown}
 B - 5 potions of cancellation {unknown}
 F - 3 potions of heal wounds {unknown}
 H - a potion of mutation {unknown}
 L - 2 potions of lignification {unknown}
 N - 2 potions of invisibility {unknown}
Comestibles
 c - 19 rations


   Skills:
 * Level 12.5 Fighting
 * Level 12.4 Axes
 + Level 7.4 Throwing
 + Level 9.1 Armour
 + Level 8.2 Dodging
 * Level 12.5 Shields


You had 11 spell levels left.
You didn't know any spells.
Your spell library was empty.

Dungeon Overview and Level Annotations

Branches:
Dungeon (14/15)            Temple (0/1) D:5            Lair (0/6) D:11
    Orc (0/2) D:9          Vaults (0/5) D:13

Altars:
Dithmenos
Gozag
Zin

Shops:
D:7 (


Innate Abilities, Weirdness & Mutations

You reflexively headbutt those who attack you in melee.
You have a pair of horns on your head.
Your spells are a little easier to cast, but a little less powerful.


Message History

You headbutt the freezing wraith.
The freezing wraith hits you but does no damage.
The skeletal warrior barely misses you. The phantasmal warrior misses you.
The freezing wraith hits you.
* * * LOW HITPOINT WARNING * * *
The freezing wraith freezes you!!
* * * LOW HITPOINT WARNING * * *
The freezing wraith hits you.
* * * LOW HITPOINT WARNING * * *
The freezing wraith drains your vigour!
You feel yourself slow down.
You slice the death knight!! You burn the death knight.
The death knight is heavily wounded.
You hit the freezing wraith. You burn the freezing wraith.
You hit the phantasmal warrior. You burn the phantasmal warrior.
You hit the freezing wraith. You burn the freezing wraith.
You slash the skeletal warrior! You burn the skeletal warrior.
* * * LOW HITPOINT WARNING * * *
You feel sick.
The death knight hits you with a battleaxe of venom!
You die...

####+######
#.<.WW....#
#...@z....#
#...Wp....#
#.........+
#.........#
#.........#
#.........#
###+#######


You could see a death knight, a skeletal warrior, a phantasmal warrior and 2
freezing wraiths.

Vanquished Creatures
  Josephine (D:11)
  Fannar (D:10)
  A rakshasa (D:13)
  A hydra (D:13)
  A two-headed ogre (shapeshifter) (D:13)
  2 centaur warriors (D:13)
  3 two-headed ogres
  A tengu warrior (D:13)
  An unseen horror (D:12)
  3 ugly things
  2 cyclopes
  2 manticores
  Psyche (D:10)
  A gargoyle (D:13)
  An efreet (D:13)
  4 trolls
  A hornet (D:13)
  A wind drake (shapeshifter) (D:13)
  3 slime creatures (D:12)
  3 hippogriffs
  7 wraiths
  A basilisk (D:13)
  A hungry ghost (D:11)
  3 vampire mosquitoes (D:12)
  A steam dragon (shapeshifter) (D:13)
  2 water moccasins
  2 acid dragons
  3 porcupines (D:11)
  15 orc warriors
  2 ice beasts
  3 sky beasts
  2 black bears
  12 centaurs
  4 wolves (D:11)
  5 ogres
  3 crocodiles
  A big kobold (D:12)
  An elf zombie (Ossuary)
  2 bullfrogs
  A water moccasin zombie (D:10)
  3 scorpions
  9 killer bees
  10 wights (D:10)
  A howler monkey (D:13)
  5 crimson imps
  8 bullfrog zombies
  A centaur skeleton (D:5)
  8 hounds
  2 jellies
  4 centaur zombies
  A human zombie (Ossuary)
  5 orc priests
  12 orc wizards
  3 bullfrog skeletons
  2 iguanas (D:7)
  15 worker ants
  2 big kobold zombies (Ossuary)
  2 hound zombies
  3 mummies (Ossuary)
  9 adders
  8 gnolls
  A howler monkey skeleton (D:4)
  3 shadow imps
  2 oozes
  7 adder zombies
  3 adder skeletons
  3 worms
  2 dart slugs (D:2)
  5 leopard geckos
  56 orcs
  8 bats
  A bat zombie (D:1)
  9 giant cockroaches
  A gnoll zombie (Ossuary)
  20 goblins
  13 hobgoblins
  13 jackals
  5 quokkas
  5 frilled lizards
  2 goblin zombies (Ossuary)
  6 hobgoblin zombies (Ossuary)
  A jackal skeleton (D:8)
  2 jackal zombies (Ossuary)
  39 kobolds
  8 kobold zombies
  3 quokka zombies
  5 rats
  2 rat zombies
  A fungus (D:11)
  A plant (D:11)
445 creatures vanquished.

Notes
Turn   | Place    | Note
-------+----------+-------------------------------------------
     0 | D:1      | shmeve the Minotaur Berserker began the quest for the Orb.
     0 | D:1      | Reached XP level 1. HP: 19/19 MP: 0/0
    80 | D:1      | Reached XP level 2. HP: 22/27 MP: 1/1
   148 | D:1      | Reached skill level 1 in Throwing
   161 | D:1      | Reached ** piety under Trog
   294 | D:1      | Reached XP level 3. HP: 29/33 MP: 2/2
  1712 | D:2      | Reached XP level 4. HP: 34/41 MP: 3/3
  2498 | D:3      | Found a glowing silver altar of Zin.
  2561 | D:3      | Reached *** piety under Trog
  2675 | D:3      | Reached skill level 1 in Shields
  3225 | D:4      | Reached XP level 5. HP: 37/47 MP: 4/4
  3713 | D:4      | Reached XP level 6. HP: 13/53 MP: 5/5
  4434 | D:5      | Entered Level 5 of the Dungeon
  4455 | D:5      | Reached skill level 5 in Shields
  4648 | D:5      | Noticed a sky beast
  4663 | D:5      | Killed a sky beast
  4898 | D:5      | Reached skill level 5 in Fighting
  4945 | D:5      | Reached XP level 7. HP: 48/61 MP: 6/6
  5035 | D:5      | Found a staircase to the Ecumenical Temple.
  5116 | D:5      | Reached skill level 5 in Axes
  5693 | D:6      | Reached XP level 8. HP: 70/70 MP: 7/7
  5697 | D:6      | Reached **** piety under Trog
  5750 | D:6      | Found a glowing silver altar of Zin.
  5755 | D:6      | Found a sand-covered staircase.
  5792 | Ossuary  | Entered an ossuary
  5911 | Ossuary  | Reached ***** piety under Trog
  6352 | D:6      | Received a gift from Trog
  6826 | D:7      | Found Tivuleok's Weapon Shop.
  6829 | D:7      | Reached skill level 5 in Armour
  6912 | D:7      | Reached XP level 9. HP: 74/79 MP: 8/8
  7773 | D:8      | Reached ****** piety under Trog
  7773 | D:8      | Reached skill level 5 in Dodging
  8037 | D:8      | Received a gift from Trog
  8289 | D:8      | Noticed a purple ugly thing
  8304 | D:8      | Killed a purple ugly thing
  8410 | D:8      | Noticed a two-headed ogre
  8418 | D:8      | Killed a two-headed ogre
  8418 | D:8      | Reached XP level 10. HP: 91/91 MP: 9/9
  8850 | D:9      | Reached skill level 5 in Throwing
  8903 | D:9      | Found a staircase to the Orcish Mines.
  8997 | D:9      | Found an opulent altar of Gozag.
  9981 | D:10     | Entered Level 10 of the Dungeon
 10034 | D:10     | Received a gift from Trog
 10689 | D:10     | Reached skill level 10 in Fighting
 10761 | D:10     | Noticed Fannar
 10773 | D:10     | Killed Fannar
 10773 | D:10     | Reached skill level 10 in Shields
 10934 | D:10     | Reached XP level 11. HP: 99/99 MP: 3/10
 10941 | D:10     | Noticed Psyche
 10947 | D:10     | Killed Psyche
 10947 | D:10     | Reached skill level 10 in Axes
 11018 | D:10     | Identified the Catalogue of Torrid Transmigration
 11153 | D:11     | Found a staircase to the Lair.
 11768 | D:11     | Noticed Josephine
 11777 | D:11     | Killed Josephine
 11784 | D:11     | Received a gift from Trog
 12441 | D:12     | Noticed a two-headed ogre
 12449 | D:12     | Killed a two-headed ogre
 12700 | D:12     | Noticed an unseen horror
 12731 | D:12     | Killed an unseen horror
 12731 | D:12     | Reached XP level 12. HP: 87/110 MP: 3/11
 13194 | D:13     | Noticed a rakshasa
 13204 | D:13     | Killed a rakshasa
 13278 | D:13     | Noticed a two-headed ogre
 13285 | D:13     | Killed a two-headed ogre
 13379 | D:13     | Gained mutation: Your spells are a little easier to cast, but a little less powerful. [a shining eye]
 13380 | D:13     | Found a gate to the Vaults.
 13389 | D:13     | Noticed a centaur warrior
 13390 | D:13     | Noticed an anaconda
 13390 | D:13     | a water nymph changed into an anaconda
 13391 | D:13     | an anaconda changed into a tyrant leech
 13392 | D:13     | Killed a centaur warrior
 13401 | D:13     | Noticed a tengu warrior
 13402 | D:13     | Noticed a two-headed ogre
 13402 | D:13     | a glowing shapeshifter changed into a two-headed ogre
 13408 | D:13     | Killed a two-headed ogre
 13408 | D:13     | Received a gift from Trog
 13425 | D:13     | Killed a tengu warrior
 13491 | D:13     | Noticed a centaur warrior
 13494 | D:13     | Found a flagged portal.
 13500 | D:13     | Killed a centaur warrior
 13515 | D:13     | Got a transparent hand axe
 13518 | Bailey   | Entered a bailey
 13519 | Bailey   | Identified the +10 hand axe of Uxtan {flame, Int+2} (You found it on level 13 of the Dungeon)
 13574 | Bailey   | Received a gift from Trog
 14078 | D:13     | Found a shadowy altar of Dithmenos.
 14228 | D:13     | Noticed a four-headed hydra
 14234 | D:13     | Killed a two-headed hydra
 14425 | D:14     | Noticed a death knight
 14435 | D:14     | HP: 7/169 [freezing wraith[a death knight] (3)]
 14436 | D:14     | Slain by a death knight

Skill      XL: |  1  2  3  4  5  6  7  8  9 10 11 12 |
---------------+-------------------------------------+-----
Throwing       | 1 2 3 4 5 6 7 |  7.4
Axes           | 4 5 7 8 9 11 12 | 12.4
Fighting       | 4 5 6 7 9 10 11 12 | 12.5
Armour         | 3 4 5 6 7 8 9 |  9.1
Shields        | 2 4 5 6 7 9 10 11 12 | 12.5
Dodging        | 3 4 5 6 7 8 |  8.2

Action                   |  1- 3 |  4- 6 |  7- 9 | 10-12 || total
-------------------------+-------+-------+-------+-------++-------
Melee: Hand axe          |    86 |   123 |   409 |    33 ||   651
       Headbutt          |    16 |    23 |   132 |   127 ||   298
       War axe           |       |       |    28 |    88 ||   116
       Broad axe         |       |       |       |   327 ||   327
Throw: Tomahawk          |       |       |     3 |   103 ||   106
       Javelin           |       |       |     3 |    24 ||    27
Invok: Berserk           |       |     1 |     5 |    10 ||    16
       Trog's Hand       |       |     1 |     3 |     1 ||     5
Evoke: Wand              |       |       |       |     2 ||     2
  Eat: Chunk             |     3 |     4 |    17 |    24 ||    48
       Ration            |       |     2 |       |     2 ||     4
Armor: Animal skin       |    15 |    16 |     7 |       ||    38
       Scale mail        |       |       |     6 |       ||     6
       Plate armour      |       |       |   150 |   278 ||   428
       Skin              |       |       |     1 |       ||     1
Dodge: Dodged            |    72 |    74 |   130 |   183 ||   459
Block: Shield            |       |    14 |   236 |   347 ||   597
